 Dungeon Crawl Stone Soup version 0.29-a0-925-g0a7a3d12f8 (webtiles) character file.

Game seed: 6991680037820779233

17 manyhoops the Insei (level 2, -1/22 HPs)
             Began as a Demigod Transmuter on July 28, 2022.
             Slain by a worm (9 damage)
             ... on level 1 of the Dungeon.
             The game lasted 00:00:31 (550 turns).

manyhoops the Insei (Demigod Transmuter)             Turns: 550, Time: 00:00:31

Health: -1/22      AC:  2    Str: 11    XL:     2   Next: 30%
Magic:  7/7        EV: 12    Int: 15    God:
Gold:   54         SH:  0    Dex: 14    Spells: 3/4 levels left

rFire   . . .      SeeInvis .     - Unarmed
rCold   . . .      Faith    .   (no shield)
rNeg    . . .      Spirit   .   a - +0 robe
rPois   .          Reflect  .   (no helmet)
rElec   .          Harm     .   (no cloak)
rCorr   .          Rampage  .   (no gloves)
Will    .....                   (no boots)
Stlth   +.........              (no amulet)
HPRegen 0.07/turn               (no ring)
MPRegen 0.10/turn               (no ring)

@: no status effects
A: high MP 1, forlorn, divine attributes
a: no special abilities


You were on level 1 of the Dungeon.
You visited 1 branch of the dungeon, and saw 1 of its levels.

You collected 54 gold pieces.

Inventory:

Armour
 a - a +0 robe (worn)
Scrolls
 c - a scroll of noise {unknown}
 d - a scroll of identify {unknown}
 e - a scroll of vulnerability {unknown}
 f - 2 scrolls of magic mapping {unknown}
 g - a scroll of teleportation {unknown}
Potions
 b - a potion of lignification


   Skills:
 + Level 0.8 Fighting
 - Level 1.7 Dodging
 + Level 3.5 Unarmed Combat
 - Level 1.7 Spellcasting
 - Level 1.7 Transmutations


You had 3 spell levels left.
You knew the following spells:

 Your Spells              Type           Power      Damage    Failure   Level
a - Beastly Appendage     Tmut           12%        N/A       11%         1

Your spell library contained the following spells:

 Spells                   Type           Power      Damage    Failure   Level
 Wereblood                Tmut           6%         N/A       17%         2
 Spider Form              Tmut/Pois      3%         N/A       43%         3
 Ice Form                 Ice/Tmut       3%         N/A       85%         4
 Freezing Cloud           Conj/Ice/Air   0%         6-21      99%         5
 Simulacrum               Ice/Necr       0%         N/A       100%        6
 Polar Vortex             Ice            0%         N/A       100%        9


Dungeon Overview and Level Annotations

Branches:
Dungeon (1/15)


Innate Abilities, Weirdness & Mutations

You have an increased reservoir of magic. (+10% MP)
You shall have no god before yourself.
Your divine heritage dramatically boosts your attributes as you level up.


Message History

The worm closely misses you.
You hit the worm.
The worm is heavily wounded.
You hit the worm.
The worm is heavily wounded.
The worm barely misses you.
You hit the worm.
The worm is heavily wounded.
You hit the worm.
The worm is almost dead.
The worm bites you.
You hit the worm.
The worm is almost dead.
The worm bites you!
You are too injured to fight recklessly!
You are too injured to fight recklessly!
You are too injured to fight recklessly!
You are too injured to fight recklessly!
You are too injured to fight recklessly!
You are too injured to fight recklessly!
You are too injured to fight recklessly!
You are too injured to fight recklessly!
You are too injured to fight recklessly!
You are too injured to fight recklessly!
You are too injured to fight recklessly!
You are too injured to fight recklessly!
You are too injured to fight recklessly!
You are too injured to fight recklessly!
You are too injured to fight recklessly!
You hit the worm but do no damage.
The worm is almost dead.
You hit the worm but do no damage.
The worm is almost dead.
The worm misses you.
You barely miss the worm.
The worm is severely wounded.
You hit the worm but do no damage.
The worm is severely wounded.
The worm bites you!
You die...

#.#...#...#...#...#.
##..#...#...#...#...
###..#...#...#...#.
###..#.).#...#..# .##
###..#...#..### ....
###..#..#.# ##..##
##..###.#
##.....########....#.#
#..^$.w@##...>.......#
.[.^.....#.#######.###
...>.....$.# #.#
..........## #.#
..........# #.#
^.......^## #.#
#^..^...## #.#
##.....## #.# ##..##
########.#


You could see a worm.

Vanquished Creatures
  4 giant cockroaches (D:1)
  2 goblins (D:1)
  2 jackals (D:1)
  A kobold (D:1)
  3 ball pythons (D:1)
  2 frilled lizards (D:1)
  A rat (D:1)
15 creatures vanquished.

Notes
Turn   | Place    | Note
-------+----------+-------------------------------------------
     0 | D:1      | manyhoops the Demigod Transmuter began the quest for the
                  | Orb.
     0 | D:1      | Reached XP level 1. HP: 15/15 MP: 5/5
    86 | D:1      | Reached skill level 3 in Unarmed Combat
   191 | D:1      | Reached XP level 2. HP: 21/22 MP: 7/7
   550 | D:1      | Slain by a worm

Illustrated notes

Levels and vault maps discovered:
D:1:      lemuel_arrival_cross, layout_loops_ring, hex_large,
          minmay_misc_feat_doors, nicolae_wormholes

Skill      XL: |  1 |
---------------+----+-----
Unarmed Combat | 3 |  3.5
Fighting       | |  0.8
Dodging        | |  1.7
Spellcasting   | |  1.7
Transmutations | |  1.7

Action                   || total
-------------------------++-------
Melee: Unarmed           ||    46
       Kick              ||     3
       Headbutt          ||     3
       Punch             ||     1
 Cast: Beastly Appendage ||     5
Armor: Robe              ||     8
Dodge: Dodged            ||    23

Table legend: (Time is in decaauts)
 A = Elapsed time spent in this place.
 B = Non-inter-level travel time spent in this place.
 C = Inter-level travel time spent in this place.
 D = Time resting spent in this place.
 E = Time spent auto-exploring this place.
 F = Levels seen in this place.
 G = Mean time per level.
                   A        B        C        D        E       F      G
               +--------+--------+--------+--------+--------+-----+--------+
         Total |    547 |    547 |      0 |      0 |    453 |   1 |  547.0 |
       Dungeon |    547 |    547 |      0 |      0 |    453 |   1 |  547.0 |
               +--------+--------+--------+--------+--------+-----+--------+

Top non-repeatable levels by time:
     D:1: 547 daAuts
